 Dungeon Crawl Stone Soup version 0.19.0-17-g07987d3 (webtiles) character file.

38 Leszczynek the Shooter (level 3, 4/20 HPs)
             Began as a Tengu Arcane Marksman on Nov 11, 2016.
             Quit the game on level 2 of the Dungeon.
             The game lasted 00:04:33 (1920 turns).

Leszczynek the Shooter (Tengu Arcane Marksman)      Turns: 1920, Time: 00:04:34

Health: 4/20       AC:  3    Str: 12    XL:     3   Next: 43%
Magic:  0/5        EV: 12    Int: 13    God:
Gold:   39         SH:  2    Dex: 13    Spells: 2 memorised, 1 level left

rFire  . . .     SeeInvis .     b - +0 whip
rCold  . . .     Gourm    .     i - +0 leather armour
rNeg   . . .     Faith    .     (no shield)
rPois  .         Spirit   .     (helmet restricted)
rElec  .         Reflect  +     (no cloak)
rCorr  .         Harm     .     (no gloves)
MR     .....                    (boots unavailable)
Stlth  ++........               e - +2 amulet of reflection
                                (no ring)
                                (no ring)

@: lethally poisoned (4 -> -2), very slightly contaminated, drained
A: beak, talons 3
a: no special abilities


You were on level 2 of the Dungeon.
You were hungry.

You visited 1 branch of the dungeon, and saw 3 of its levels.

You collected 39 gold pieces.

Inventory:

Hand Weapons
 a - a +0 shortbow
 b - a +0 whip (weapon)
Missiles
 f - 24 arrows
Armour
 i - a +0 leather armour (worn)
Jewellery
 e - a +2 amulet of reflection (around neck)
Books
 c - a book of Debilitation

   Spells                             Type                      Level
   a - Corona                         Hexes                        1
   b - Slow                           Hexes                        2
   c - Gell's Gravitas                Hexes/Translocation          3
   d - Inner Flame                    Hexes/Fire                   3
   e - Cause Fear                     Hexes                        4
   f - Leda's Liquefaction            Hexes/Earth                  4
Comestibles
 d - 3 bread rations
 g - 4 chunks of flesh


   Skills:
 - Level 1.0(0.5) Fighting
 + Level 1.8(1.3) Maces & Flails
 - Level 2.5(2.0) Bows
 - Level 2.1(1.7) Dodging
 - Level 2.1(1.7) Stealth
 - Level 1.0(0.5) Spellcasting
 - Level 2.1(1.7) Hexes


You had one spell level left.
You knew the following spells:

 Your Spells              Type           Power        Failure   Level  Hunger
a - Corona                Hex            #......      21%         1    ##.....
b - Slow                  Hex            #.......     34%         2    ###....


Dungeon Overview and Level Annotations

Branches:
Dungeon (3/15)

Altars:
Trog

Annotations:
D:2 1 exclusion
D:3 Ijyb


Innate Abilities, Weirdness & Mutations

You have a beak for a mouth.
You have claws for feet.


Message History

You are too injured to fight recklessly!
You are too injured to fight recklessly!
You are too injured to fight recklessly!
You are too injured to fight recklessly!
You are too injured to fight recklessly!
You are too injured to fight recklessly!
You are too injured to fight recklessly!
You are too injured to fight recklessly!
You are too injured to fight recklessly!
You are too injured to fight recklessly!
You are too injured to fight recklessly!
You are too injured to fight recklessly!
You are too injured to fight recklessly!
You are too injured to fight recklessly!
You are too injured to fight recklessly!
You are too injured to fight recklessly!
You are too injured to fight recklessly!
You are too injured to fight recklessly!
You are too injured to fight recklessly!
Are you sure you want to abandon this character and quit the game? (Confirm with "yes".)

(##.... ..#.#.# ## #.#...#
###### ... #.##..# #....#
#.# #.##..# ####...##
#..##.# #.###....#..#
#....###...#.####..###
#..>...#....###....######
##.##....#.S@###.#.#....#
#....##........).<..##.#
##..#####.##.#.#.#####.####
#..## #.##...#.##.......#
#..# #.####..##.........#
###..# ##.# ##.#...........
##.(..# #..# ###....###....
#..##.## ##.## #..r##y##...
#.###..###..# #....###....


You could see an adder.

Vanquished Creatures
  An ooze (D:2)
  2 bats
  8 goblins
  2 hobgoblins
  6 jackals
  5 kobolds (D:1)
  A ball python (D:2)
  5 frilled lizards (D:1)
  A rat (D:1)
31 creatures vanquished.

Notes
Turn   | Place    | Note
-------+----------+-------------------------------------------
     0 | D:1      | Leszczynek the Tengu Arcane Marksman began the quest for the Orb.
     0 | D:1      | Reached XP level 1. HP: 12/12 MP: 3/3
   244 | D:1      | Reached skill level 1 in Stealth
   572 | D:1      | Reached XP level 2. HP: 11/16 MP: 4/4
   597 | D:1      | Learned a level 2 spell: Slow
   670 | D:1      | Reached skill level 2 in Stealth
  1326 | D:1      | Reached XP level 3. HP: 18/20 MP: 5/5
  1328 | D:1      | Reached skill level 1 in Maces & Flails
  1740 | D:2      | Noticed a moth of wrath
  1743 | D:2      | Found a bloodstained altar of Trog.
  1837 | D:2      | HP: 2/20 [adder (4)]
  1870 | D:3      | Noticed Ijyb
  1920 | D:2      | Quit the game

Skill      XL: |  1  2  3 |
---------------+----------+-----
Stealth        | 1 2 |  2.1
Maces & Flails | 1 |  1.8
Fighting       | |  1.0
Bows           | |  2.5
Dodging        | |  2.1
Spellcasting   | |  1.0
Hexes          | |  2.1

Action                   || total
-------------------------++-------
Melee: Unarmed           ||    12
       Kick              ||    14
       Peck              ||    12
       Whip              ||    54
 Fire: Shortbow          ||    42
 Cast: Corona            ||     2
       Slow              ||     5
  Use: Potion            ||     2
       Scroll            ||     1
 Stab: Sleeping          ||     2
  Eat: Chunk             ||     3
Armor: Robe              ||     6
       Leather armour    ||    14
Dodge: Dodged            ||    68
Block: Other             ||     4
